 Dungeon Crawl Stone Soup version 0.30-a0-799-g109b55a442 (webtiles) character file.

Game seed: 6688547121634880768

14 Jeffwins the Trooper (level 2, -1/25 HPs)
             Began as a Human Wanderer on Feb 20, 2023.
             Slain by a kobold
             ... wielding a +0 dagger of distortion
              (12 damage)
             ... on level 1 of the Dungeon.
             The game lasted 00:00:50 (620 turns).

Jeffwins the Trooper (Human Wanderer)                Turns: 620, Time: 00:00:51

Health: -1/25      AC:  2    Str: 10    XL:     2   Next: 55%
Magic:  0/6        EV: 12    Int: 10    God:
Gold:   19         SH:  0    Dex: 16    Spells: 6/7 levels left

rFire   . . .      SeeInvis .    a - +1 sling
rCold   . . .      Faith    .    (no shield)
rNeg    . . .      Spirit   .    c - +0 robe
rPois   .          Reflect  .    (no helmet)
rElec   .          Harm     .    (no cloak)
rCorr   .          Rampage  .    (no gloves)
Will    .....                    (no boots)
Stlth   +                        (no amulet)
HPRegen 0.24/turn                (no ring)
MPRegen 0.10/turn                (no ring)

@: very slightly contaminated
A: no striking features
a: no special abilities


You were on level 1 of the Dungeon.
You visited 1 branch of the dungeon, and saw 1 of its levels.

You collected 19 gold pieces.


   Skills:
 - Level 4.0 Fighting
 + Level 1.1 Ranged Weapons
 - Level 1.0 Dodging
 * Level 3.1 Spellcasting
 * Level 1.0 Conjurations
 * Level 0.9 Fire Magic


You had 6 spell levels left.
You knew the following spells:

 Your Spells              Type           Power      Damage    Failure   Level
z - Foxfire               Conj/Fire      12%        2x1d4     19%         1

Your spell library contained the following spells:

 Spells                   Type           Power      Damage    Failure   Level
 Kiss of Death            Conj/Necr      8%         2d6       22%         1
 Cigotuvi's Dreadful Rot  Necr/Pois/Air  2%         N/A       38%         2
 Frozen Ramparts          Ice            2%         1d1       63%         3

Inventory:

Hand Weapons
 a - a +1 sling (weapon)
Armour
 c - a +0 robe (worn)
Potions
 b - a potion of invisibility

Dungeon Overview and Level Annotations

Branches:
Dungeon (1/15)

Altars:

#.#.#####. # # #.#.......
.#. #.######## #.# #.#
#.# #.##### ####.#
#.....# ##.##.# ####..# #
####...#v#########...####
+>.....v@................
####...#K########....###.
##.##.# #.#..###. ####.#
#.##..##. #...# #.###.##.
#.### #.# #.##. #.
#.###.##. #. #........ #.
#####.###


You could see a kobold (ally target).


Message History

The foxfire hits the kobold but does no damage.
The kobold is moderately wounded.
The kobold hits you with a +0 dagger of distortion.
Space warps horribly around you!
Ouch! That really hurt!
* * * LOW HITPOINT WARNING * * *
Casting: Foxfire (safe; 19% risk of failure)
Confirm with . or Enter, or press ? or * to list all spells.
You conjure some foxfire!
The kobold closely misses you.
Unknown command.
Unknown command.
Casting: Foxfire (safe; 19% risk of failure)
Confirm with . or Enter, or press ? or * to list all spells.
You conjure some foxfire!
The foxfire hits the kobold but does no damage.
The kobold is moderately wounded.
The foxfire hits the kobold.
The kobold is severely wounded.
The kobold barely misses you.
Unknown command.
Unknown command.
Casting: Foxfire (safe; 19% risk of failure)
Confirm with . or Enter, or press ? or * to list all spells.
You conjure some foxfire!
The foxfire hits the kobold but does no damage.
The kobold is severely wounded.
The kobold hits you with a +0 dagger of distortion.
* * * LOW HITPOINT WARNING * * *
Space warps horribly around you!
You die...

Skill      XL: |  1  2 |
---------------+-------+-----
Conjurations   | 1 |  1.0
Fighting       | |  4.0
Ranged Weapons | |  1.1
Dodging        | |  1.0
Spellcasting   | |  3.1
Fire Magic     | |  0.9

Action                     || total
---------------------------++-------
   Fire: Sling             ||    13
   Cast: Foxfire           ||    20
 Armour: Robe              ||     1
  Dodge: Dodged            ||     7

Levels and vault maps discovered:
D:1:      spicycebolla_arrival_clurvy, layout_loops_corners

Notes
Turn   | Place    | Note
-------+----------+-------------------------------------------
     0 | D:1      | Jeffwins the Human Wanderer began the quest for the Orb.
     0 | D:1      | Jeffwins set off with the following items: a +1 sling, a
                  | potion of invisibility, a +0 robe; and the following spells
                  | available to memorise: Foxfire, Kiss of Death, Cigotuvi's
                  | Dreadful Rot, Frozen Ramparts.
     0 | D:1      | Reached XP level 1. HP: 19/19 MP: 4/4
     2 | D:1      | Learned a level 1 spell: Foxfire
   194 | D:1      | Reached XP level 2. HP: 25/25 MP: 3/6
   583 | D:1      | Reached skill level 1 in Conjurations
   620 | D:1      | Slain by a kobold

Vanquished Creatures
  2 dart slugs (D:1)
  A ball python (D:1)
  2 bats (D:1)
  2 endoplasms (D:1)
  A hobgoblin (D:1)
8 creatures vanquished.

Vanquished Creatures (collateral kills)
  2 foxfires (D:1)
2 creatures vanquished.

Vanquished Creatures (others)
  31 foxfires (D:1)
31 creatures vanquished.

Grand Total: 41 creatures vanquished

Table legend: (Time is in decaauts)
 A = Elapsed time spent in this place.
 B = Non-inter-level travel time spent in this place.
 C = Inter-level travel time spent in this place.
 D = Time resting spent in this place.
 E = Time spent auto-exploring this place.
 F = Levels seen in this place.
 G = Mean time per level.
                   A        B        C        D        E       F      G
               +--------+--------+--------+--------+--------+-----+--------+
         Total |    624 |    624 |      0 |      0 |    555 |   1 |  624.0 |
       Dungeon |    624 |    624 |      0 |      0 |    555 |   1 |  624.0 |
               +--------+--------+--------+--------+--------+-----+--------+

Top non-repeatable levels by time:
     D:1: 624 daAuts

Table legend:
 A = Non-vault XP
 B = Vault XP
 C = Vault XP percentage of total XP
 D = Non-vault monster count
 E = Vault monster count
 F = Vault count percentage of total count
                 A         B        C        D         E       F
            +---------+---------+-------+---------+---------+-------
      Total |      20 |       0 |   0.0 |       8 |       0 |   0.0
            +---------+---------+-------+---------+---------+-------
        D:1 |      20 |       0 |   0.0 |       8 |       0 |   0.0
            +---------+---------+-------+---------+---------+-------
